Bruins vs Islanders

Created - 10 novembre 2023 at 13:36

Goals
1 2 3 T
Bruins 1 0 1 2
Islanders 0 0 1 1
Shots
1 2 3 T
Bruins 5 23 7 35
Islanders 8 8 11 27

GoalsPenalties
1st period
1. Bruins , Nino Niederreiter 10 (Robert Thomas 24, Brandon Saad 11) at 8:05
Sam Carrick (BOS) for Hooking (Minor) at 11:20
Matt Roy (BOS) for Hooking (Minor) at 16:04
Caleb Jones (NYI) for Tripping (Minor) at 19:44
2nd period
No Goal
Kyle Burroughs (NYI) for High sticking (Minor) at 3:41
Christian Wolanin (NYI) for Hooking (Minor) at 9:22
3rd period
2. Islanders , Josh Bailey 3 (Brock McGinn 10, Kyle Burroughs 3) at 15:13
3. Bruins , Patrik Laine 11 (Ryan Graves 9) at 19:32
Miro Heiskanen (BOS) for Hooking (Minor) at 7:43
Jarred Tinordi (BOS) for Delaying the game (Minor) at 19:53
Goalie Stats
Ilya Sorokin (BOS), 26 saves from 27 shots - (0,963), W, 17-10-1, 60:00 minutes
Chris Driedger (NYI), 33 saves from 35 shots - (0,943), L, 2-9-0, 59:36 minutes
3 StarsOfficial
1 - Ilya Sorokin (BOS)
2 - Patrik Laine (BOS)
3 - Nino Niederreiter (BOS)
Referees : Jon McIsaac and Brandon Blandina
Linesman : Justine Todd and Travis Gawryletz
Game Note
Anthony Cirelli is injured at 7:53 of 3rd period (Lower Body)
Finance
Level 1 -- Attendance: 4812 (80%) -- Ticket Income $481,200
Level 2 -- Attendance: 4137 (83%) -- Ticket Income $248,220
Level 3 -- Attendance: 2000 (100%) -- Ticket Income $70,000
Level 4 -- Attendance: 2234 (100%) -- Ticket Income $44,680
Luxury Box -- Attendance: 940 (94%) -- Ticket Income $188,000
Game was played at the Nassau Veterans Memorial.
Total Attendance: 14123 (87%)
Total Ticket Income: $1,032,100
Other Income: $309,630
Total Income: $1,341,730



Team Name Goals Shots Shots Attemp Shots Blocked PIM HIT PP PK FO%
Bruins 2356598190 / 3 (0%)049%
Islanders 12758106160 / 4 (0%)051%

Bruins
Player Name POS G A P +/- PIM HIT SHT SB MP PP MP PP SHT PK MP PK SHT FO% FOT GA TA
Alex WennbergC000-1013214:140:0001:20043% 710
Anthony CirelliC/LW0000031015:472:1902:43050% 1600
Brandon SaadLW/RW0110023018:412:1900:3900% 112
Conor GarlandLW/RW0000003013:422:1900:100100% 122
J.J. MoserD0000000110:020:0000:0000% 002
Jared SpurgeonD0000014127:333:5113:3200% 012
Jarred TinordiD0001200010:230:0001:3900% 000
Joel FarabeeLW/RW0001031013:170:0000:0000% 010
Matt BenningD0000001010:020:0000:0000% 000
Matt RoyD0000210120:502:0601:4200% 000
Miro HeiskanenD0000232027:353:5101:4100% 011
Nino NiederreiterLW/RW1011028020:223:3810:00050% 210
Ondrej PalatLW/RW000000006:540:0000:0000% 000
Patrik LaineLW/RW1011025118:513:3801:270100% 120
Robert ThomasC/RW0111002023:483:3803:47054% 3700
Ryan GravesD0111012321:052:0613:3200% 000
Sam CarrickC/RW000020007:090:0000:16040% 500
Tommy NovakC0000000013:380:0001:4400% 300
Islanders
Player Name POS G A P +/- PIM HIT SHT SB MP PP MP PP SHT PK MP PK SHT FO% FOT GA TA
Brock McGinnLW/RW0110000124:082:5703:3900% 201
Caleb JonesD000-1231126:023:1912:5800% 000
Christian WolaninD000-1200214:440:0000:2200% 000
Dylan CoghlanD0001001015:080:0002:1400% 001
Filip ZadinaLW/RW000-100319:170:1700:0000% 100
Jakub VoracekLW/RW000-1042015:512:4900:030100% 201
Josh ArchibaldLW/RW0000013012:392:4400:0000% 001
Josh BaileyLW/RW1010013024:082:5713:39042% 3321
Kyle BurroughsD0111201018:402:4412:0000% 003
Milan LucicLW/RW0000001017:252:4902:1500% 020
Nicklas BackstromC0000021016:222:5700:03063% 1620
Ondrej KaseRW000001109:290:0000:0000% 001
Rasmus AsplundC/LW000000208:260:1700:00033% 610
Rasmus KupariC/LW/RW000-1002015:282:4912:15073% 1100
Robert BortuzzoD000-1010222:030:0003:2100% 000
Simon HolmstromRW000002108:080:1700:0000% 000
Sonny MilanoLW/RW0000015120:053:1910:00050% 221
Will ButcherD000-1000215:570:0000:5900% 000

Bruins

5 vs 5 Forward
Line #Left WingCenterRight WingPHYDFOFWanted %Time %Time Play
1Brandon SaadRobert ThomasNino Niederreiter0324035%16:38
2Patrik LaineAnthony CirelliJoel Farabee0323028%13:32
3Tommy NovakAlex WennbergConor Garland0322222%10:35
4Jarred TinordiSam CarrickOndrej Palat131814%6:54
5 vs 5 Defense
Line #DefenseDefensePHYDFOFWanted %Time %Time Play
1Jared SpurgeonMiro Heiskanen1314543%20:27
2Matt RoyRyan Graves1313536%17:10
3J.J. MoserMatt Benning1402021%10:02
4Miro HeiskanenJared Spurgeon14000%0:00
Power Play Forward
Line #Left WingCenterRight WingPHYDFOFWanted %Time %Time Play
1Patrik LaineRobert ThomasNino Niederreiter0146561%3:38
2Brandon SaadAnthony CirelliConor Garland0143539%2:19
Power Play Defense
Line #DefenseDefensePHYDFOFWanted %Time %Time Play
1Jared SpurgeonMiro Heiskanen0147065%3:51
2Matt RoyRyan Graves0233035%2:06
Penalty Kill 4 Players Forward
Line #CenterWingPHYDFOFWanted %Time %Time Play
1Anthony CirelliRobert Thomas1406589%5:24
2Alex WennbergBrandon Saad1403511%0:39
Penalty Kill 4 Players Defense
Line #DefenseDefensePHYDFOFWanted %Time %Time Play
1Ryan GravesJared Spurgeon1406558%3:32
2Matt RoyMiro Heiskanen1403542%2:31
Penalty Kill 3 Players
Line #WingPHYDFOFWanted %Time %Time PlayDefenseDefensePHYDFOFWanted %Time %Time Play
1Anthony Cirelli140600%0:00 Ryan GravesJared Spurgeon140650%0:00
2Alex Wennberg140400%0:00 Matt RoyMiro Heiskanen140350%0:00
4 vs 4 Forward
Line #CenterWingPHYDFOFWanted %Time %Time Play
1Robert ThomasBrandon Saad122600%0:00
2Anthony CirelliNino Niederreiter122400%0:00
4 vs 4 Defense
Line #DefensePHYDFOFWanted %Time %Time Play
1Jared SpurgeonRyan Graves122600%0:00
2Matt RoyMiro Heiskanen131400%0:00
Last Minutes Offensive
Left WingCenterRight WingDefenseDefense
Ondrej PalatRobert ThomasNino NiederreiterJared SpurgeonMiro Heiskanen
Last Minutes Defensive
Left WingCenterRight WingDefenseDefense
Alex WennbergAnthony CirelliRobert ThomasJared SpurgeonRyan Graves
Time
Total ForwardTotal DefenseLast Minutes OffensiveLast Minutes Defensive
60:00 60:00 0:000:21
Extra Forwards
Normal PowerPlayPenalty Kill
Nino Niederreiter, Patrik Laine, Robert ThomasNino Niederreiter, Patrik LaineAnthony Cirelli
Extra Defensemen
Normal PowerPlayPenalty Kill
Jared Spurgeon, Miro Heiskanen, Ryan GravesJared Spurgeon, Jared SpurgeonRyan Graves
Penalty Shots
Jared Spurgeon, Miro Heiskanen, Conor Garland, Robert Thomas, Joel Farabee
Goalie
Ilya Sorokin, Pyotr Kochetkov
Scratches
None

Islanders

5 vs 5 Forward
Line #Left WingCenterRight WingPHYDFOFWanted %Time %Time Play
1Sonny MilanoJosh BaileyBrock McGinn1224038%18:02
2Jakub VoracekNicklas BackstromMilan Lucic0233026%12:21
3Josh ArchibaldRasmus KupariOndrej Kase2212020%9:29
4Simon HolmstromRasmus AsplundFilip Zadina0231016%7:47
5 vs 5 Defense
Line #DefenseDefensePHYDFOFWanted %Time %Time Play
1Robert BortuzzoCaleb Jones2304036%17:14
2Kyle BurroughsDylan Coghlan2303029%13:36
3Will ButcherChristian Wolanin2302530%14:12
4Robert BortuzzoCaleb Jones32055%2:37
Power Play Forward
Line #Left WingCenterRight WingPHYDFOFWanted %Time %Time Play
1Josh BaileyNicklas BackstromBrock McGinn0056053%3:14
2Jakub VoracekRasmus KupariMilan Lucic0054047%2:49
Power Play Defense
Line #DefenseDefensePHYDFOFWanted %Time %Time Play
1Sonny MilanoCaleb Jones0056055%3:19
2Josh ArchibaldKyle Burroughs0054045%2:44
Penalty Kill 4 Players Forward
Line #CenterWingPHYDFOFWanted %Time %Time Play
1Josh BaileyBrock McGinn0505562%3:42
2Rasmus KupariMilan Lucic0504538%2:15
Penalty Kill 4 Players Defense
Line #DefenseDefensePHYDFOFWanted %Time %Time Play
1Robert BortuzzoCaleb Jones0505558%3:27
2Kyle BurroughsDylan Coghlan0504542%2:30
Penalty Kill 3 Players
Line #WingPHYDFOFWanted %Time %Time PlayDefenseDefensePHYDFOFWanted %Time %Time Play
1Brock McGinn050500%0:00 Robert BortuzzoCaleb Jones050500%0:00
2Rasmus Kupari050500%0:00 Kyle BurroughsDylan Coghlan050500%0:00
4 vs 4 Forward
Line #CenterWingPHYDFOFWanted %Time %Time Play
1Nicklas BackstromJosh Bailey131650%0:00
2Rasmus KupariBrock McGinn221350%0:00
4 vs 4 Defense
Line #DefensePHYDFOFWanted %Time %Time Play
1Robert BortuzzoCaleb Jones230650%0:00
2Kyle BurroughsDylan Coghlan140350%0:00
Last Minutes Offensive
Left WingCenterRight WingDefenseDefense
Josh BaileyNicklas BackstromBrock McGinnSonny MilanoCaleb Jones
Last Minutes Defensive
Left WingCenterRight WingDefenseDefense
Josh BaileyRasmus KupariBrock McGinnRobert BortuzzoCaleb Jones
Time
Total ForwardTotal DefenseLast Minutes OffensiveLast Minutes Defensive
60:00 60:00 0:210:00
Extra Forwards
Normal PowerPlayPenalty Kill
Filip Zadina, Rasmus Kupari, Josh BaileyFilip Zadina, Sonny MilanoMilan Lucic
Extra Defensemen
Normal PowerPlayPenalty Kill
Kyle Burroughs, Caleb Jones, Robert BortuzzoRobert Bortuzzo, Kyle BurroughsCaleb Jones
Penalty Shots
Josh Bailey, Sonny Milano, Brock McGinn, Caleb Jones, Filip Zadina
Goalie
Chris Driedger, Mike Smith
Scratches
Carl Hagelin (Healthy), Nicolas Meloche (Healthy), Rocco Grimaldi (Healthy)


Play-by-Play

1st period


0:01 of 1st period - Josh Bailey wins face-off versus Robert Thomas in neutral zone.
0:06 of 1st period - Snap shot by Sonny Milano.
0:06 of 1st period - Deflect By Josh Bailey.
0:06 of 1st period - Shot Misses the Net.
0:06 of 1st period - Puck is out of play.
0:07 of 1st period - Robert Thomas wins face-off versus Josh Bailey in Bruins zone.
0:07 of 1st period - Robert Thomas is hit by Sonny Milano.
0:43 of 1st period - Robert Bortuzzo is hit by Miro Heiskanen and loses puck.
1:24 of 1st period - Backhand shot by Rasmus Asplund.
1:24 of 1st period - Shot Blocked by Ryan Graves.
2:36 of 1st period - Wrist shot by Alex Wennberg.
2:36 of 1st period - Stopped by Chris Driedger with a rebound.
2:38 of 1st period - Snap shot by J.J. Moser.
2:38 of 1st period - Shot Blocked by Filip Zadina.
2:40 of 1st period - Slapshot by Conor Garland.
2:40 of 1st period - Stopped by Chris Driedger without a rebound.
2:41 of 1st period - Robert Thomas wins face-off versus Josh Bailey in Islanders zone.
3:02 of 1st period - Caleb Jones is hit by Brandon Saad and loses puck.
3:54 of 1st period - Off-side.
3:55 of 1st period - Rasmus Asplund wins face-off versus Sam Carrick in neutral zone.
4:04 of 1st period - Backhand shot by Simon Holmstrom.
4:04 of 1st period - Stopped by Ilya Sorokin with a rebound.
4:29 of 1st period - Slapshot by Jared Spurgeon.
4:29 of 1st period - Shot Misses the Net.
4:31 of 1st period - Slapshot by Miro Heiskanen.
4:31 of 1st period - Shot Blocked by Will Butcher.
4:33 of 1st period - Slapshot by Miro Heiskanen.
4:33 of 1st period - Shot Misses the Net.
5:23 of 1st period - Wrist shot by Jared Spurgeon.
5:23 of 1st period - Shot Misses the Net.
5:25 of 1st period - Wrist shot by Miro Heiskanen.
5:25 of 1st period - Shot Misses the Net.
5:31 of 1st period - Slapshot by Anthony Cirelli.
5:31 of 1st period - Deflect By Joel Farabee.
5:31 of 1st period - Shot Misses the Net.
5:31 of 1st period - Puck is out of play.
5:32 of 1st period - Robert Thomas wins face-off versus Josh Bailey in Islanders zone.
5:35 of 1st period - Wrist shot by Robert Thomas.
5:35 of 1st period - Shot Misses the Net.
5:41 of 1st period - Brandon Saad is hit by Caleb Jones and loses puck.
5:58 of 1st period - Milan Lucic is hit by Matt Roy.
6:12 of 1st period - Wrist shot by Alex Wennberg.
6:12 of 1st period - Stopped by Chris Driedger with a rebound.
7:15 of 1st period - Wrist shot by Josh Bailey.
7:15 of 1st period - Shot Misses the Net.
7:21 of 1st period - Josh Bailey is hit by Joel Farabee and loses puck.
7:34 of 1st period - Matt Roy is hit by Josh Archibald and loses puck.
7:41 of 1st period - Wrist shot by Josh Archibald.
7:41 of 1st period - Shot Blocked by J.J. Moser.
7:43 of 1st period - Slapshot by Ondrej Kase.
7:43 of 1st period - Stopped by Ilya Sorokin without a rebound.
7:44 of 1st period - Robert Thomas wins face-off versus Josh Bailey in Bruins zone.
7:49 of 1st period - Wrist shot by Nino Niederreiter.
7:49 of 1st period - Shot Blocked by Will Butcher.
7:51 of 1st period - Snap shot by J.J. Moser.
7:51 of 1st period - Deflect By Brandon Saad.
7:51 of 1st period - Shot Blocked by Christian Wolanin.
7:51 of 1st period - Puck is out of play.
7:52 of 1st period - Robert Thomas wins face-off versus Josh Bailey in Islanders zone.
8:05 of 1st period - Slapshot by Nino Niederreiter.
8:05 of 1st period - Goal by Nino Niederreiter - Bruins : 1 - Islanders : 0.
8:06 of 1st period - Robert Thomas wins face-off versus Josh Bailey in neutral zone.
8:15 of 1st period - Backhand shot by Brandon Saad.
8:15 of 1st period - Shot Blocked by Robert Bortuzzo.
8:35 of 1st period - Icing by Alex Wennberg.
8:36 of 1st period - Conor Garland wins face-off versus Rasmus Kupari in Bruins zone.
8:46 of 1st period - Icing by Christian Wolanin.
8:47 of 1st period - Rasmus Kupari wins face-off versus Robert Thomas in Islanders zone.
9:04 of 1st period - Wrist shot by Josh Archibald.
9:04 of 1st period - Stopped by Ilya Sorokin with a rebound.
9:06 of 1st period - Snap shot by Josh Archibald.
9:06 of 1st period - Stopped by Ilya Sorokin with a rebound.
9:08 of 1st period - Slapshot by Will Butcher.
9:08 of 1st period - Shot Misses the Net.
9:51 of 1st period - Snap shot by Josh Archibald.
9:51 of 1st period - Shot Misses the Net.
9:53 of 1st period - Wrist shot by Ondrej Kase.
9:53 of 1st period - Deflect By Rasmus Kupari.
9:53 of 1st period - Shot Misses the Net.
9:53 of 1st period - Puck is out of play.
9:54 of 1st period - Patrik Laine wins face-off versus Brock McGinn in Bruins zone.
10:07 of 1st period - Snap shot by Sonny Milano.
10:07 of 1st period - Shot Misses the Net.
10:11 of 1st period - Slapshot by Josh Bailey.
10:11 of 1st period - Deflect By Sonny Milano.
10:11 of 1st period - Shot Blocked by Matt Roy.
10:11 of 1st period - Puck is out of play.
10:12 of 1st period - Alex Wennberg wins face-off versus Nicklas Backstrom in Bruins zone.
10:12 of 1st period - Alex Wennberg is hit by Nicklas Backstrom.
10:24 of 1st period - Slapshot by Alex Wennberg.
10:24 of 1st period - Stopped by Chris Driedger with a rebound.
11:02 of 1st period - Snap shot by Caleb Jones.
11:02 of 1st period - Shot Misses the Net.
11:20 of 1st period - Minor Penalty to Sam Carrick for Hooking.
11:21 of 1st period - Anthony Cirelli wins face-off versus Nicklas Backstrom in Bruins zone.
11:59 of 1st period - Slapshot by Kyle Burroughs.
11:59 of 1st period - Deflect By Patrik Laine.
11:59 of 1st period - Stopped by Ilya Sorokin without a rebound.
12:00 of 1st period - Rasmus Kupari wins face-off versus Tommy Novak in Bruins zone.
12:03 of 1st period - Wrist shot by Milan Lucic.
12:03 of 1st period - Deflect By Rasmus Kupari.
12:03 of 1st period - Stopped by Ilya Sorokin without a rebound.
12:04 of 1st period - Rasmus Kupari wins face-off versus Tommy Novak in Bruins zone.
12:37 of 1st period - Wrist shot by Sonny Milano.
12:37 of 1st period - Shot Blocked by Ryan Graves.
12:39 of 1st period - Slapshot by Caleb Jones.
12:39 of 1st period - Stopped by Ilya Sorokin without a rebound.
12:40 of 1st period - Nicklas Backstrom wins face-off versus Anthony Cirelli in Bruins zone.
12:47 of 1st period - Slapshot by Josh Bailey.
12:47 of 1st period - Stopped by Ilya Sorokin without a rebound.
12:48 of 1st period - Nicklas Backstrom wins face-off versus Anthony Cirelli in Bruins zone.
13:03 of 1st period - Anthony Cirelli is hit by Nicklas Backstrom.
13:20 of 1st period - Penalty to Sam Carrick is over, Sam Carrick is back on ice.
13:46 of 1st period - Wrist shot by Brock McGinn.
13:46 of 1st period - Shot Misses the Net.
14:25 of 1st period - Off-side.
14:26 of 1st period - Rasmus Asplund wins face-off versus Robert Thomas in neutral zone.
15:33 of 1st period - Rasmus Asplund is hit by Nino Niederreiter and loses puck.
16:04 of 1st period - Minor Penalty to Matt Roy for Hooking.
16:05 of 1st period - Anthony Cirelli wins face-off versus Rasmus Kupari in Bruins zone.
17:31 of 1st period - Jakub Voracek is hit by Patrik Laine.
18:04 of 1st period - Penalty to Matt Roy is over, Matt Roy is back on ice.
18:22 of 1st period - Snap shot by Alex Wennberg.
18:22 of 1st period - Shot Hit the Post.
19:31 of 1st period - Off-side.
19:32 of 1st period - Robert Thomas wins face-off versus Rasmus Asplund in neutral zone.
19:44 of 1st period - Minor Penalty to Caleb Jones for Tripping.
19:45 of 1st period - Josh Bailey wins face-off versus Robert Thomas in Islanders zone.
Goals for this period are 1 for Bruins vs 0 for Islanders.
Shots for this period are 5 for Bruins vs 8 for Islanders.

2nd period


0:01 of 2nd period - Robert Thomas wins face-off versus Josh Bailey in neutral zone.
0:04 of 2nd period - Slapshot by Robert Thomas.
0:04 of 2nd period - Shot Misses the Net.
0:06 of 2nd period - Snap shot by Robert Thomas.
0:06 of 2nd period - Shot Misses the Net.
0:08 of 2nd period - Slapshot by Miro Heiskanen.
0:08 of 2nd period - Shot Blocked by Robert Bortuzzo.
1:44 of 2nd period - Penalty to Caleb Jones is over, Caleb Jones is back on ice.
2:18 of 2nd period - Off-side.
2:19 of 2nd period - Rasmus Kupari wins face-off versus Alex Wennberg in neutral zone.
2:44 of 2nd period - Ondrej Palat is hit by Jakub Voracek and loses puck.
2:54 of 2nd period - Jared Spurgeon is hit by Jakub Voracek and loses puck.
3:05 of 2nd period - Patrik Laine is hit by Robert Bortuzzo and loses puck.
3:16 of 2nd period - Snap shot by Josh Bailey.
3:16 of 2nd period - Shot Misses the Net.
3:18 of 2nd period - Snap shot by Brock McGinn.
3:18 of 2nd period - Shot Misses the Net.
3:28 of 2nd period - Slapshot by Miro Heiskanen.
3:28 of 2nd period - Stopped by Chris Driedger with a rebound.
3:30 of 2nd period - Snap shot by Jared Spurgeon.
3:30 of 2nd period - Stopped by Chris Driedger without a rebound.
3:31 of 2nd period - Robert Thomas wins face-off versus Nicklas Backstrom in Islanders zone.
3:32 of 2nd period - Snap shot by Nino Niederreiter.
3:32 of 2nd period - Shot Misses the Net.
3:34 of 2nd period - Snap shot by Robert Thomas.
3:34 of 2nd period - Deflect By Nino Niederreiter.
3:34 of 2nd period - Stopped by Chris Driedger without a rebound.
3:35 of 2nd period - Robert Thomas wins face-off versus Nicklas Backstrom in Islanders zone.
3:36 of 2nd period - Slapshot by Nino Niederreiter.
3:36 of 2nd period - Stopped by Chris Driedger with a rebound.
3:38 of 2nd period - Snap shot by Ryan Graves.
3:38 of 2nd period - Stopped by Chris Driedger without a rebound.
3:39 of 2nd period - Nicklas Backstrom wins face-off versus Robert Thomas in Islanders zone.
3:41 of 2nd period - Minor Penalty to Kyle Burroughs for High sticking.
3:42 of 2nd period - Robert Thomas wins face-off versus Josh Bailey in Islanders zone.
3:42 of 2nd period - Snap shot by Nino Niederreiter.
3:42 of 2nd period - Shot Misses the Net.
4:15 of 2nd period - Slapshot by Ryan Graves.
4:15 of 2nd period - Stopped by Chris Driedger without a rebound.
4:16 of 2nd period - Josh Bailey wins face-off versus Anthony Cirelli in Islanders zone.
5:41 of 2nd period - Penalty to Kyle Burroughs is over, Kyle Burroughs is back on ice.
5:51 of 2nd period - Slapshot by Ryan Graves.
5:51 of 2nd period - Deflect By Sam Carrick.
5:51 of 2nd period - Shot Misses the Net.
5:51 of 2nd period - Puck is out of play.
5:52 of 2nd period - Sam Carrick wins face-off versus Rasmus Asplund in Islanders zone.
6:10 of 2nd period - Slapshot by Miro Heiskanen.
6:10 of 2nd period - Stopped by Chris Driedger without a rebound.
6:11 of 2nd period - Robert Thomas wins face-off versus Josh Bailey in Islanders zone.
6:16 of 2nd period - Snap shot by Nino Niederreiter.
6:16 of 2nd period - Stopped by Chris Driedger without a rebound.
6:17 of 2nd period - Robert Thomas wins face-off versus Josh Bailey in Islanders zone.
6:20 of 2nd period - Wrist shot by Brandon Saad.
6:20 of 2nd period - Shot Misses the Net.
6:22 of 2nd period - Wrist shot by Nino Niederreiter.
6:22 of 2nd period - Stopped by Chris Driedger with a rebound.
6:24 of 2nd period - Slapshot by Brandon Saad.
6:24 of 2nd period - Stopped by Chris Driedger without a rebound.
6:25 of 2nd period - Robert Thomas wins face-off versus Josh Bailey in Islanders zone.
6:26 of 2nd period - Backhand shot by Nino Niederreiter.
6:26 of 2nd period - Shot Misses the Net.
6:28 of 2nd period - Backhand shot by Miro Heiskanen.
6:28 of 2nd period - Deflect By Brandon Saad.
6:28 of 2nd period - Stopped by Chris Driedger with a rebound.
6:52 of 2nd period - Robert Bortuzzo is hit by Anthony Cirelli and loses puck.
7:09 of 2nd period - Milan Lucic is hit by Anthony Cirelli and loses puck.
7:43 of 2nd period - Slapshot by Nicklas Backstrom.
7:43 of 2nd period - Shot Misses the Net.
7:45 of 2nd period - Snap shot by Nicklas Backstrom.
7:45 of 2nd period - Shot Misses the Net.
8:03 of 2nd period - Wrist shot by Nicklas Backstrom.
8:03 of 2nd period - Stopped by Ilya Sorokin without a rebound.
8:04 of 2nd period - Josh Bailey wins face-off versus Robert Thomas in Bruins zone.
8:16 of 2nd period - Off-side.
8:17 of 2nd period - Sonny Milano wins face-off versus Robert Thomas in neutral zone.
8:43 of 2nd period - Conor Garland is hit by Ondrej Kase and loses puck.
8:52 of 2nd period - Backhand shot by Conor Garland.
8:52 of 2nd period - Shot Misses the Net.
9:06 of 2nd period - Wrist shot by Sam Carrick.
9:06 of 2nd period - Shot Misses the Net.
9:08 of 2nd period - Wrist shot by Sam Carrick.
9:08 of 2nd period - Shot Misses the Net.
9:10 of 2nd period - Wrist shot by Jarred Tinordi.
9:10 of 2nd period - Shot Misses the Net.
9:12 of 2nd period - Slapshot by Matt Roy.
9:12 of 2nd period - Shot Blocked by Christian Wolanin.
9:14 of 2nd period - Snap shot by Jarred Tinordi.
9:14 of 2nd period - Deflect By Sam Carrick.
9:14 of 2nd period - Shot Misses the Net.
9:14 of 2nd period - Puck is out of play.
9:15 of 2nd period - Robert Thomas wins face-off versus Josh Bailey in Islanders zone.
9:20 of 2nd period - Slapshot by Nino Niederreiter.
9:20 of 2nd period - Stopped by Chris Driedger with a rebound.
9:22 of 2nd period - Minor Penalty to Christian Wolanin for Hooking.
9:23 of 2nd period - Josh Bailey wins face-off versus Robert Thomas in Islanders zone.
9:36 of 2nd period - Slapshot by Miro Heiskanen.
9:36 of 2nd period - Shot Misses the Net.
9:38 of 2nd period - Slapshot by Jared Spurgeon.
9:38 of 2nd period - Stopped by Chris Driedger without a rebound.
9:39 of 2nd period - Josh Bailey wins face-off versus Robert Thomas in Islanders zone.
9:50 of 2nd period - Snap shot by Robert Thomas.
9:50 of 2nd period - Deflect By Nino Niederreiter.
9:50 of 2nd period - Stopped by Chris Driedger without a rebound.
9:51 of 2nd period - Robert Thomas wins face-off versus Josh Bailey in Islanders zone.
11:22 of 2nd period - Penalty to Christian Wolanin is over, Christian Wolanin is back on ice.
11:31 of 2nd period - Off-side.
11:32 of 2nd period - Sam Carrick wins face-off versus Rasmus Asplund in neutral zone.
11:59 of 2nd period - Off-side.
12:00 of 2nd period - Nicklas Backstrom wins face-off versus Alex Wennberg in neutral zone.
12:53 of 2nd period - Snap shot by Anthony Cirelli.
12:53 of 2nd period - Stopped by Chris Driedger with a rebound.
12:55 of 2nd period - Slapshot by Patrik Laine.
12:55 of 2nd period - Stopped by Chris Driedger with a rebound.
12:57 of 2nd period - Wrist shot by Patrik Laine.
12:57 of 2nd period - Stopped by Chris Driedger with a rebound.
12:59 of 2nd period - Backhand shot by Joel Farabee.
12:59 of 2nd period - Stopped by Chris Driedger with a rebound.
13:01 of 2nd period - Slapshot by Matt Roy.
13:01 of 2nd period - Deflect By Patrik Laine.
13:01 of 2nd period - Stopped by Chris Driedger without a rebound.
13:02 of 2nd period - Nicklas Backstrom wins face-off versus Anthony Cirelli in Islanders zone.
13:02 of 2nd period - Nicklas Backstrom is hit by Joel Farabee.
13:39 of 2nd period - Slapshot by Jared Spurgeon.
13:39 of 2nd period - Stopped by Chris Driedger without a rebound.
13:40 of 2nd period - Josh Bailey wins face-off versus Robert Thomas in Islanders zone.
13:53 of 2nd period - Slapshot by Caleb Jones.
13:53 of 2nd period - Shot Misses the Net.
13:55 of 2nd period - Slapshot by Caleb Jones.
13:55 of 2nd period - Shot Blocked by Ryan Graves.
14:27 of 2nd period - Snap shot by Rasmus Asplund.
14:27 of 2nd period - Stopped by Ilya Sorokin without a rebound.
14:28 of 2nd period - Alex Wennberg wins face-off versus Rasmus Asplund in Bruins zone.
14:52 of 2nd period - Icing by Jared Spurgeon.
14:53 of 2nd period - Josh Bailey wins face-off versus Robert Thomas in Bruins zone.
16:32 of 2nd period - Snap shot by Rasmus Asplund.
16:32 of 2nd period - Stopped by Ilya Sorokin with a rebound.
16:34 of 2nd period - Slapshot by Robert Bortuzzo.
16:34 of 2nd period - Deflect By Filip Zadina.
16:34 of 2nd period - Stopped by Ilya Sorokin without a rebound.
16:35 of 2nd period - Nicklas Backstrom wins face-off versus Robert Thomas in Bruins zone.
16:52 of 2nd period - Snap shot by Jakub Voracek.
16:52 of 2nd period - Stopped by Ilya Sorokin without a rebound.
16:53 of 2nd period - Josh Bailey wins face-off versus Anthony Cirelli in Bruins zone.
17:20 of 2nd period - Miro Heiskanen is hit by Jakub Voracek and loses puck.
17:55 of 2nd period - Slapshot by Conor Garland.
17:55 of 2nd period - Stopped by Chris Driedger without a rebound.
17:56 of 2nd period - Anthony Cirelli wins face-off versus Josh Bailey in Islanders zone.
18:01 of 2nd period - Slapshot by Patrik Laine.
18:01 of 2nd period - Stopped by Chris Driedger with a rebound.
18:07 of 2nd period - Wrist shot by Sonny Milano.
18:07 of 2nd period - Stopped by Ilya Sorokin with a rebound.
18:09 of 2nd period - Snap shot by Josh Bailey.
18:09 of 2nd period - Stopped by Ilya Sorokin without a rebound.
18:10 of 2nd period - Robert Thomas wins face-off versus Josh Bailey in Bruins zone.
18:41 of 2nd period - Slapshot by Ondrej Kase.
18:41 of 2nd period - Deflect By Josh Archibald.
18:41 of 2nd period - Stopped by Ilya Sorokin without a rebound.
18:42 of 2nd period - Anthony Cirelli wins face-off versus Rasmus Kupari in Bruins zone.
19:09 of 2nd period - Brock McGinn is hit by Miro Heiskanen and loses puck.
19:18 of 2nd period - Snap shot by Conor Garland.
19:18 of 2nd period - Stopped by Chris Driedger with a rebound.
19:20 of 2nd period - Slapshot by J.J. Moser.
19:20 of 2nd period - Shot Blocked by Brock McGinn.
19:22 of 2nd period - Slapshot by Matt Benning.
19:22 of 2nd period - Shot Blocked by Sonny Milano.
Goals for this period are 0 for Bruins vs 0 for Islanders.
Shots for this period are 23 for Bruins vs 8 for Islanders.

3rd period


0:01 of 3rd period - Josh Bailey wins face-off versus Brandon Saad in neutral zone.
0:06 of 3rd period - Snap shot by Sonny Milano.
0:06 of 3rd period - Shot Misses the Net.
0:26 of 3rd period - Miro Heiskanen is hit by Caleb Jones and loses puck.
0:33 of 3rd period - Snap shot by Jakub Voracek.
0:33 of 3rd period - Stopped by Ilya Sorokin without a rebound.
0:34 of 3rd period - Anthony Cirelli wins face-off versus Josh Bailey in Bruins zone.
0:38 of 3rd period - Off-side.
0:39 of 3rd period - Josh Bailey wins face-off versus Anthony Cirelli in neutral zone.
0:42 of 3rd period - Snap shot by Sonny Milano.
0:42 of 3rd period - Stopped by Ilya Sorokin without a rebound.
0:43 of 3rd period - Josh Bailey wins face-off versus Anthony Cirelli in Bruins zone.
1:08 of 3rd period - Matt Roy is hit by Josh Bailey and loses puck.
1:54 of 3rd period - Snap shot by Sonny Milano.
1:54 of 3rd period - Stopped by Ilya Sorokin without a rebound.
1:55 of 3rd period - Robert Thomas wins face-off versus Nicklas Backstrom in Bruins zone.
2:08 of 3rd period - Snap shot by Nino Niederreiter.
2:08 of 3rd period - Stopped by Chris Driedger with a rebound.
3:21 of 3rd period - Kyle Burroughs is hit by Nino Niederreiter and loses puck.
3:32 of 3rd period - Nicklas Backstrom is hit by Alex Wennberg and loses puck.
4:01 of 3rd period - Slapshot by Rasmus Kupari.
4:01 of 3rd period - Stopped by Ilya Sorokin without a rebound.
4:02 of 3rd period - Rasmus Kupari wins face-off versus Robert Thomas in Bruins zone.
4:16 of 3rd period - Off-side.
4:17 of 3rd period - Robert Thomas wins face-off versus Josh Bailey in neutral zone.
4:20 of 3rd period - Slapshot by Jared Spurgeon.
4:20 of 3rd period - Stopped by Chris Driedger with a rebound.
4:44 of 3rd period - Rasmus Kupari is hit by Anthony Cirelli and loses puck.
5:09 of 3rd period - Snap shot by Milan Lucic.
5:09 of 3rd period - Shot Misses the Net.
5:57 of 3rd period - Wrist shot by Brandon Saad.
5:57 of 3rd period - Stopped by Chris Driedger with a rebound.
5:59 of 3rd period - Slapshot by Matt Benning.
5:59 of 3rd period - Stopped by Chris Driedger without a rebound.
6:00 of 3rd period - Anthony Cirelli wins face-off versus Sonny Milano in Islanders zone.
6:14 of 3rd period - Icing by Miro Heiskanen.
6:15 of 3rd period - Jakub Voracek wins face-off versus Anthony Cirelli in Bruins zone.
6:16 of 3rd period - Snap shot by Milan Lucic.
6:16 of 3rd period - Shot Blocked by Patrik Laine.
6:28 of 3rd period - Slapshot by Milan Lucic.
6:28 of 3rd period - Shot Misses the Net.
6:30 of 3rd period - Wrist shot by Milan Lucic.
6:30 of 3rd period - Deflect By Nicklas Backstrom.
6:30 of 3rd period - Shot Misses the Net.
6:30 of 3rd period - Puck is out of play.
6:31 of 3rd period - Robert Thomas wins face-off versus Josh Bailey in Bruins zone.
7:27 of 3rd period - Wrist shot by Filip Zadina.
7:27 of 3rd period - Shot Misses the Net.
7:29 of 3rd period - Snap shot by Simon Holmstrom.
7:29 of 3rd period - Shot Misses the Net.
7:31 of 3rd period - Snap shot by Filip Zadina.
7:31 of 3rd period - Stopped by Ilya Sorokin with a rebound.
7:33 of 3rd period - Snap shot by Rasmus Asplund.
7:33 of 3rd period - Shot Misses the Net.
7:35 of 3rd period - Wrist shot by Dylan Coghlan.
7:35 of 3rd period - Deflect By Jared Spurgeon.
7:35 of 3rd period - Stopped by Ilya Sorokin with a rebound.
7:37 of 3rd period - Slapshot by Rasmus Asplund.
7:37 of 3rd period - Deflect By Filip Zadina.
7:37 of 3rd period - Stopped by Ilya Sorokin with a rebound.
7:43 of 3rd period - Minor Penalty to Miro Heiskanen for Hooking.
7:44 of 3rd period - Anthony Cirelli wins face-off versus Brock McGinn in Bruins zone.
7:51 of 3rd period - Slapshot by Sonny Milano.
7:51 of 3rd period - Stopped by Ilya Sorokin without a rebound.
7:52 of 3rd period - Anthony Cirelli wins face-off versus Nicklas Backstrom in Bruins zone.
7:52 of 3rd period - Anthony Cirelli is hit by Caleb Jones.
7:53 of 3rd period - Anthony Cirelli from Bruins is injured at 7:53 of 3rd period (Lower Body).
7:54 of 3rd period - Nicklas Backstrom wins face-off versus Tommy Novak in Bruins zone.
9:18 of 3rd period - Caleb Jones is hit by Ryan Graves and loses puck.
9:32 of 3rd period - Icing by Caleb Jones.
9:33 of 3rd period - Nicklas Backstrom wins face-off versus Sam Carrick in Islanders zone.
9:43 of 3rd period - Penalty to Miro Heiskanen is over, Miro Heiskanen is back on ice.
9:59 of 3rd period - Wrist shot by Matt Roy.
9:59 of 3rd period - Shot Blocked by Caleb Jones.
10:37 of 3rd period - Robert Thomas is hit by Simon Holmstrom and loses puck.
10:50 of 3rd period - Snap shot by Robert Thomas.
10:50 of 3rd period - Stopped by Chris Driedger with a rebound.
11:21 of 3rd period - Icing by Will Butcher.
11:22 of 3rd period - Alex Wennberg wins face-off versus Josh Bailey in Islanders zone.
11:29 of 3rd period - J.J. Moser is hit by Jakub Voracek and loses puck.
12:19 of 3rd period - Kyle Burroughs is hit by Miro Heiskanen and loses puck.
13:04 of 3rd period - J.J. Moser is hit by Simon Holmstrom and loses puck.
13:51 of 3rd period - Off-side.
13:52 of 3rd period - Josh Bailey wins face-off versus Alex Wennberg in neutral zone.
15:04 of 3rd period - Josh Bailey is hit by Brandon Saad and loses puck.
15:11 of 3rd period - Wrist shot by Kyle Burroughs.
15:11 of 3rd period - Shot Blocked by Alex Wennberg.
15:13 of 3rd period - Wrist shot by Brock McGinn.
15:13 of 3rd period - Deflect By Josh Bailey.
15:13 of 3rd period - Goal by Josh Bailey - Bruins : 1 - Islanders : 1.
15:14 of 3rd period - Rasmus Kupari wins face-off versus Robert Thomas in neutral zone.
15:25 of 3rd period - Snap shot by Robert Thomas.
15:25 of 3rd period - Stopped by Chris Driedger without a rebound.
15:26 of 3rd period - Rasmus Kupari wins face-off versus Robert Thomas in Islanders zone.
15:26 of 3rd period - Rasmus Kupari is hit by Joel Farabee.
15:31 of 3rd period - Icing by Josh Archibald.
15:32 of 3rd period - Rasmus Kupari wins face-off versus Robert Thomas in Islanders zone.
15:56 of 3rd period - Icing by Matt Benning.
15:57 of 3rd period - Nicklas Backstrom wins face-off versus Alex Wennberg in Bruins zone.
15:58 of 3rd period - Snap shot by Milan Lucic.
15:58 of 3rd period - Stopped by Ilya Sorokin with a rebound.
16:00 of 3rd period - Snap shot by Jakub Voracek.
16:00 of 3rd period - Shot Blocked by Alex Wennberg.
16:29 of 3rd period - Ondrej Kase is hit by Jared Spurgeon and loses puck.
16:46 of 3rd period - Off-side.
16:47 of 3rd period - Josh Bailey wins face-off versus Robert Thomas in neutral zone.
18:43 of 3rd period - Snap shot by Sonny Milano.
18:43 of 3rd period - Shot Misses the Net.
18:45 of 3rd period - Snap shot by Brock McGinn.
18:45 of 3rd period - Shot Blocked by Jared Spurgeon.
18:49 of 3rd period - Snap shot by Sonny Milano.
18:49 of 3rd period - Shot Misses the Net.
19:15 of 3rd period - Wrist shot by Sonny Milano.
19:15 of 3rd period - Stopped by Ilya Sorokin without a rebound.
19:16 of 3rd period - Nino Niederreiter wins face-off versus Filip Zadina in Bruins zone.
19:27 of 3rd period - Filip Zadina is hit by Patrik Laine and loses puck.
19:32 of 3rd period - Snap shot by Patrik Laine.
19:32 of 3rd period - Goal by Patrik Laine - Bruins : 2 - Islanders : 1.
19:33 of 3rd period - Nicklas Backstrom wins face-off versus Nino Niederreiter in neutral zone.
19:36 of 3rd period - Islanders, Chris Driedger is pulled from the net.
19:53 of 3rd period - Minor Penalty to Jarred Tinordi for Delaying the game.
19:54 of 3rd period - Jakub Voracek wins face-off versus Sam Carrick in Bruins zone.
Goals for this period are 1 for Bruins vs 1 for Islanders.
Shots for this period are 7 for Bruins vs 11 for Islanders.